 Dungeon Crawl Stone Soup version 0.20.1-1-g8b1a95d (webtiles) character file.

198 Ladykiller69 the Twirler (level 5, -1/41 HPs)
             Began as a Demonspawn Gladiator on July 14, 2017.
             Slain by a gnoll
             ... wielding a +0 whip
              (4 damage)
             ... on level 4 of the Dungeon.
             The game lasted 00:04:22 (2510 turns).

Ladykiller69 the Twirler (Demonspawn Gladiator)     Turns: 2510, Time: 00:04:23

Health: -1/41      AC:  4    Str: 15    XL:     5   Next: 47%
Magic:  5/5        EV: 13    Int:  9    God:
Gold:   300        SH:  4    Dex: 15    Spells: 4/4 levels left

rFire    . . .     SeeInvis .   a - +0 quarterstaff
rCold    . . .     Gourm    .   (shield currently unavailable)
rNeg     . . .     Faith    .   b - +0 leather armour
rPois    .         Spirit   .   c - +0 helmet
rElec    .         Reflect  .   (no cloak)
rCorr    .         Harm     .   (no gloves)
MR       .....                  (no boots)
Stlth    +.........             (no amulet)
Regen    0.2/turn               (no ring)
MPRegen  0.1/turn               (no ring)

@: no status effects
A: hooves 1, large bone plates 1
a: no special abilities


You were on level 4 of the Dungeon.
You were not hungry.

You visited 1 branch of the dungeon, and saw 4 of its levels.

You collected 300 gold pieces.

Inventory:

Hand Weapons
 a - a +0 quarterstaff (weapon)
Missiles
 y - 32 stones (quivered)
Armour
 b - a +0 leather armour (worn)
 c - a +0 helmet (worn)
Jewellery
 q - a cursed -3 ring of slaying {unknown}
 u - a cursed ring of stealth {unknown}
 v - a cursed ring of loudness {unknown}
 w - an uncursed amulet of guardian spirit {unknown}
Scrolls
 e - 2 scrolls of remove curse {unknown}
 j - a scroll of enchant armour {unknown}
 k - 3 scrolls of identify {unknown}
 l - 2 scrolls of amnesia {unknown}
 n - 2 scrolls of blinking {unknown}
 r - a scroll of noise {unknown}
 t - a scroll of enchant weapon {unknown}
 x - a scroll of immolation {unknown}
Potions
 i - 2 potions of flight {unknown}
 m - 2 potions of mutation {unknown}
 p - a potion of lignification {unknown}
 s - a potion of brilliance {unknown}
Comestibles
 f - 2 bread rations
 g - 3 meat rations
 h - a chunk of flesh
 o - a royal jelly


   Skills:
 + Level 3.2 Fighting
 * Level 4.2 Staves
 - Level 3.0 Throwing
 - Level 3.1 Dodging


You had 4 spell levels left.
You didn't know any spells.

Dungeon Overview and Level Annotations

Branches:
Dungeon (4/15)
 Temple: D:4-7

Altars:


Innate Abilities, Weirdness & Mutations

You have large cloven feet.
You are partially covered in large bone plates. (SH +4)


Message History

The gnoll barely misses you. The gnoll hits you with a spear!
* * * LOW HITPOINT WARNING * * *
You barely miss the gnoll. Your kick misses the gnoll.
The gnoll is severely wounded.
The gnoll hits you with a spear.
* * * LOW HITPOINT WARNING * * *
You hit the gnoll.
The gnoll is almost dead.
The gnoll closely misses you. The gnoll barely misses you.
You barely miss the gnoll. You kick the gnoll.
You kill the gnoll!
Quiver which item? (- for none, * to show all) (? for menu, Esc to quit)
Okay, then.
You hit the gnoll.
The gnoll is lightly wounded.
The gnoll misses you. The gnoll hits you but does no damage.
You barely miss the gnoll. Your kick misses the gnoll.
The gnoll is lightly wounded.
The gnoll hits you with a whip.
You die...

#.# #.# #(# #(#
#(# #(# #g# #@#
######## #.#
.......# #.#
.#####.# #.#
.....#.# #.#
####.#.#########.#
#.#...........#
#.#############
#.#


You could see a gnoll.

Vanquished Creatures
  A gnoll shaman (D:4)
  5 gnolls
  6 adders
  2 worms
  2 dart slugs (D:1)
  4 leopard geckos
  2 giant cockroaches
  4 goblins
  9 hobgoblins
  7 kobolds
  2 quokkas
  8 bats
  6 frilled lizards
  2 rats (D:1)
60 creatures vanquished.

Notes
Turn   | Place    | Note
-------+----------+-------------------------------------------
     0 | D:1      | Ladykiller69 the Demonspawn Gladiator began the quest for the Orb.
     0 | D:1      | Reached XP level 1. HP: 16/16 MP: 1/1
   255 | D:1      | Gained mutation: You have large cloven feet. [demonic ancestry]
   255 | D:1      | Reached XP level 2. HP: 17/22 MP: 2/2
   268 | D:1      | Reached skill level 3 in Staves
   773 | D:2      | Reached XP level 3. HP: 27/27 MP: 3/3
  1229 | D:2      | Reached XP level 4. HP: 22/34 MP: 4/4
  2079 | D:2      | Gained mutation: You are partially covered in large bone plates. (SH +4) [demonic ancestry]
  2079 | D:2      | Reached XP level 5. HP: 7/40 MP: 5/5
  2501 | D:4      | Reached skill level 4 in Staves
  2506 | D:4      | HP: 2/41 [gnoll/spear (6)]
  2510 | D:4      | Slain by a gnoll

Skill      XL: |  1  2  3  4  5 |
---------------+----------------+-----
Throwing       | 2 3 |  3.0
Staves         | 3 4 |  4.2
Dodging        | 3 |  3.1
Fighting       | 3 |  3.2

Action                   |  1- 3 |  4- 6 || total
-------------------------+-------+-------++-------
Melee: Quarterstaff      |   103 |    78 ||   181
       Kick              |    17 |    19 ||    36
Throw: Stone             |       |     7 ||     7
       Throwing net      |       |     3 ||     3
  Eat: Chunk             |     1 |     4 ||     5
Armor: Leather armour    |    33 |    22 ||    55
Dodge: Dodged            |    67 |    55 ||   122
Block: Other             |       |     3 ||     3
